Map: Triton LE

Players

AGOElazer (Elazer) - Winner!

  • Race: Zerg Zerg
  • League: Master
  • Spawn Location: 5:00

Special

  • Race: Terran Terran
  • League: Master
  • Spawn Location: 11:00

VOD

Have the link to the VOD?

Description

Time

  • Played on: Jan. 14, 2020, 2:15 p.m.
  • Length: 6:34
Show
View Real Time Build Order
Export as new Build Order

AGOElazer Zerg - Winner!

Build Orders: Hatch First 

Get SALT Encoding   

  12  0:00  Drone  
  13  0:12  Overlord  
  13  0:16  Drone  
  14  0:30  Drone x2  
  16  0:47  Hatchery  
  15  0:50  Drone  
  15  0:54  Drone  
  17  0:57  Drone  
  18  1:08  Extractor  
  17  1:12  Spawning Pool  
  17  1:15  Drone  
  17  1:18  Drone  
  18  1:28  Drone  
  19  1:39  Drone  
  20  1:49  Drone  
  21  1:59  Queen x2  
  21  2:00  Zergling x4  
  27  2:13  Hatchery  
  26  2:17  Overlord  
  26  2:20  Drone  
  26  2:22  Drone  
  28  2:36  Drone x3  
  31  2:38  Queen  
  31  2:43  Metabolic Boost  
  33  2:48  Overlord  
  33  2:51  Drone  
  34  2:53  Drone  
  34  2:55  Drone  
  36  3:08  Drone x4  
  36  3:09  Drone  
  41  3:15  Queen  
  41  3:17  Drone  
  41  3:19  Overlord  
  44  3:24  Queen  
  46  3:27  Drone  
  46  3:28  Drone  
  46  3:30  Overlord  
  48  3:37  Drone  
  48  3:40  Zergling x6  
  52  3:42  Zergling x2  
  52  3:46  Lair  
  53  3:49  Drone x3  
  53  3:53  Spore Crawler, Drone  
  56  3:57  Queen  
  58  4:04  Overlord  
  58  4:06  Zergling x4  
  58  4:07  Zergling x2, Baneling Nest  
  60  4:11  Drone x3  
  60  4:14  Overlord  
  63  4:17  Drone  
  63  4:18  Drone  
  63  4:20  Overlord  
  65  4:26  Queen  
  65  4:28  Zergling x6  
  70  4:31  Zergling x4  
  70  4:37  Zergling x4  
  68  4:49  Zergling x16  
  68  4:50  Queen  
  71  4:54  Zergling x2  
  68  5:00  Overlord  
  68  5:01  Drone  
  68  5:03  Spore Crawler, Queen  
  69  5:08  Spore Crawler  
  69  5:12  Drone x4  
  70  5:17  Drone  
  68  5:21  Drone  
  68  5:22  Drone  
  68  5:28  Drone  
  71  5:31  Drone  
  71  5:34  Drone  
  72  5:39  Evolution Chamber  
  72  5:40  Overseer, Evolution Chamber, Overlord  
  70  5:44  Spore Crawler  
  70  5:45  Spore Crawler  
  70  5:47  Queen  
  70  5:48  Queen x2  
  75  5:50  Drone x5  
  75  5:52  Drone  
  81  6:00  Overlord  
  81  6:02  Drone  
  80  6:06  Overlord  
  80  6:08  Drone x3  
  80  6:12  Drone x5  
  80  6:15  Baneling x6  
  80  6:17  Zergling x8  
Show
View Real Time Build Order
Export as new Build Order

Special Terran 

Build Orders: Gas First Reaper Expand, Liberator Opening 

Get SALT Encoding   

  12  0:01  SCV  
  13  0:13  SCV  
  14  0:17  Supply Depot  
  14  0:25  SCV  
  14  0:28  Refinery  
  15  0:39  SCV  
  16  0:44  Barracks  
  16  0:51  SCV  
  17  1:03  SCV  
  18  1:15  SCV  
  19  1:31  Reaper, Orbital Command  
  20  1:44  Command Center  
  20  1:54  Factory  
  20  1:58  SCV  
  21  2:09  Barracks Reactor  
  21  2:11  SCV  
  22  2:15  Supply Depot  
  22  2:17  Refinery  
  22  2:23  SCV  
  23  2:37  SCV  
  24  2:45  Starport  
  24  2:52  Hellion x2  
  24  2:55  SCV  
  24  2:56  Orbital Command  
  24  2:57  Barracks Tech Lab  
  29  3:13  Hellion x2  
  29  3:17  Marauder  
  35  3:24  Medivac  
  37  3:32  Armory  
  37  3:35  Hellion x2  
  37  3:39  Marauder  
  43  3:44  Concussive Shells, Supply Depot  
  43  3:58  SCV x2  
  43  3:59  Liberator  
  45  4:05  Marauder, Hellion x2  
  45  4:09  Supply Depot  
  54  4:31  SCV x2  
  56  4:38  Hellion x2  
  60  4:43  SCV  
  60  4:45  Liberator  
  51  4:54  SCV  
  51  4:56  SCV  
  45  5:00  Hellion x2  
  45  5:06  SCV  
  52  5:14  SCV  
  52  5:18  SCV  
  52  5:20  Marauder  
  55  5:22  Hellion x2  
  55  5:23  Hellion x3  
  55  5:24  Hellion  
  55  5:26  SCV  
  54  5:30  SCV  
  54  5:40  SCV  
  54  5:41  Marauder  
  54  5:42  SCV  
  58  5:43  Hellion x2  
  62  5:55  Supply Depot x2  
  62  6:12  Marauder  
Tags
 
Add a new tag
Caveats
  • Supply blocks, unpowered buildings, or Contaminate may cause inaccurate times.
  • Supply counts are checked every 10 seconds.